 Dungeon Crawl Stone Soup version 0.22-a0-799-g88f5e90 (webtiles) character file.

49 riteheju the Poker (level 3, -5/28 HPs)
             Began as a Demonspawn Gladiator on July 21, 2018.
             Slain by a gnoll
             ... wielding a +0 whip
              (9 damage)
             ... on level 2 of the Dungeon.
             The game lasted 00:05:05 (1209 turns).

riteheju the Poker (Demonspawn Gladiator)           Turns: 1209, Time: 00:05:06

Health: -5/28      AC:  4    Str: 15    XL:     3   Next: 51%
Magic:  3/3        EV: 13    Int:  9    God:
Gold:   103        SH:  0    Dex: 14    Spells: 2/2 levels left

rFire    . . .     SeeInvis .   a - +0 trident
rCold    . . .     Gourm    .   (no shield)
rNeg     . . .     Faith    .   b - +0 leather armour
rPois    .         Spirit   .   c - +0 helmet
rElec    .         Reflect  .   (no cloak)
rCorr    .         Harm     .   (no gloves)
MR       .....                  (no boots)
Stlth    +.........             (no amulet)
HPRegen  0.09/turn              (no ring)
MPRegen  0.08/turn              (no ring)

@: no status effects
A: hooves 1, spiny 1
a: no special abilities


You were on level 2 of the Dungeon.
You were not hungry.

You visited 1 branch of the dungeon, and saw 2 of its levels.

You collected 103 gold pieces.

Inventory:

Hand Weapons
 a - a +0 trident (weapon)
Missiles
 d - 3 throwing nets (quivered)
Armour
 b - a +0 leather armour (worn)
 c - a +0 helmet (worn)
Scrolls
 i - 2 scrolls of identify {unknown}
 k - a scroll of enchant armour {unknown}
 l - a scroll of enchant weapon {unknown}
 m - a scroll of remove curse {unknown}
Potions
 h - a potion of ambrosia {unknown}
 j - a potion of heal wounds {unknown}
Comestibles
 f - 5 rations
 g - 3 chunks of flesh


   Skills:
 * Level 2.3 Fighting
 * Level 3.3 Polearms
 - Level 1.7 Throwing
 + Level 0.4 Armour
 * Level 3.2 Dodging
 * Level 0.3 Stealth


You had 2 spell levels left.
You didn't know any spells.
Your spell library was empty.

Dungeon Overview and Level Annotations

Branches:
Dungeon (2/15)

Altars:


Innate Abilities, Weirdness & Mutations

You have large cloven feet.
You are partially covered in sharp spines.


Message History

The gnoll is moderately wounded.
The gnoll is struck by your spines. The gnoll hits you with a whip!
You closely miss the gnoll. You kick the gnoll.
The gnoll is severely wounded.
The gnoll hits you from afar with a spear.
The gnoll is struck by your spines. The gnoll hits you with a whip.
You are too injured to fight recklessly!
You are too injured to fight recklessly!
You are too injured to fight recklessly!
You are too injured to fight recklessly!
You hit the gnoll.
The gnoll is almost dead.
The gnoll hits you from afar with a spear.
The gnoll is struck by your spines. The gnoll hits you with a whip!
* * * LOW HITPOINT WARNING * * *
There is a stone staircase leading down here.
There is a stone staircase leading up here.
It was a potion of magic.
Magic courses through your body. The gnoll is struck by your spines.
The gnoll hits you with a whip!
You die...

###################
#............##....
#.##########.##(##. #.#
#.##.##. #.#
########.##.##.
#.###...........#..
#######.##...#####.......
#.......#.....#########..
#.#####.@gg...>.....# ##.
#.#.....#####.# #.
#.##...## #.# #. #.##.###
#g# ## #.##.# #)# #.##.#
#.# ...... ... #.##.# ..#
#.#... (...


You could see 2 gnolls.

Vanquished Creatures
  2 gnolls (D:2)
  3 leopard geckos
  5 bats
  A giant cockroach (D:1)
  A goblin (D:1)
  2 hobgoblins (D:1)
  3 jackals (D:1)
  3 kobolds
  2 frilled lizards
  4 rats (D:1)
26 creatures vanquished.

Notes
Turn   | Place    | Note
-------+----------+-------------------------------------------
     0 | D:1      | riteheju the Demonspawn Gladiator began the quest for the Orb.
     0 | D:1      | Reached XP level 1. HP: 16/16 MP: 1/1
     6 | D:1      | Noticed a black bear
     6 | D:1      | Noticed a wyvern
     6 | D:1      | Noticed a swamp worm
     7 | D:1      | Noticed a water moccasin
    89 | D:1      | Gained mutation: You are partially covered in sharp spines. [demonic ancestry]
    89 | D:1      | Reached XP level 2. HP: 5/22 MP: 2/2
  1085 | D:2      | Gained mutation: You have large cloven feet. [demonic ancestry]
  1085 | D:2      | Reached XP level 3. HP: 25/27 MP: 3/3
  1209 | D:2      | Slain by a gnoll

Vault maps used:
D:1:      onia_arrival_zoo_common
D:2:      cheibrodos_greedy_goblins, nrook_uturn, hex_tiny

Skill      XL: |  1  2 |
---------------+-------+-----
Dodging        | 3 |  3.2
Polearms       | 3 |  3.3
Fighting       | |  2.3
Throwing       | |  1.7
Armour         | |  0.4
Stealth        | |  0.3

Action                   || total
-------------------------++-------
Melee: Trident           ||   101
       Kick              ||     3
  Use: Potion            ||     1
  Eat: Chunk             ||     1
Armor: Leather armour    ||    29
Dodge: Dodged            ||    68

Table legend:
 A = Spawn XP
 B = Non-spawn XP
 C = Spawn XP percentage of total XP
 D = Spawn monster count
 E = Non-spawn monster count
 F = Spawn count percentage of total count
 G = Total turns spent on level
                    A         B        C        D         E        F      G
               +---------+---------+-------+---------+---------+-------+---------
         Total |       0 |      70 |   0.0 |       0 |      26 |   0.0 |  1209
               +---------+---------+-------+---------+---------+-------+---------
           D:1 |       0 |      34 |   0.0 |       0 |      19 |   0.0 |   886
           D:2 |       0 |      36 |   0.0 |       0 |       7 |   0.0 |   323
               +---------+---------+-------+---------+---------+-------+---------
